 Dungeon Crawl Stone Soup version 0.31-a0-1620-gcbf77bbcfc (webtiles) character file.

Game seed: 6711701987785521553

263 Newt the Shooter (level 6, -1/40 HPs)
             Began as a Kobold Hunter on Jan 11, 2024.
             Slain by Duvessa
             ... wielding a +0 rapier
              (8 damage)
             ... on level 4 of the Dungeon.
             The game lasted 00:03:27 (2961 turns).

Newt the Shooter (Kobold Hunter)                    Turns: 2961, Time: 00:03:27

Health: -1/40      AC:  6    Str:  7 (8)  XL:     6   Next: 43%
Magic:  6/6        EV: 14    Int:  8 (10) God:
Gold:   203        SH:  0    Dex: 20 (21) Spells: 5/5 levels left

rFire   + . .        a - +1 shortbow
rCold   . . .        (shield currently unavailable)
rNeg    . . .        c - +0 leather armour
rPois   .            (no helmet)
rElec   .            i - +1 cloak
rCorr   .            (no gloves)
SInv    .            o - +0 pair of boots
Will    .....        (no amulet)
Stlth   +++          l - ring of protection from fire
HPRegen 0.26/turn    (no ring)
MPRegen 0.10/turn

%: no passive effects
@: hasted, very quick
A: small, no large weapons, nightstalker 3
a: no special abilities


You were on level 4 of the Dungeon.
You visited 1 branch of the dungeon, and saw 4 of its levels.

You collected 203 gold pieces.

Inventory:

Hand Weapons
 a - a +1 shortbow (weapon)
Armour
 c - a +0 leather armour (worn)
 i - a +1 cloak (worn)
 o - a +0 pair of boots (worn)
Jewellery
 l - a ring of protection from fire (left hand)
Wands
 p - a wand of paralysis (13)
Scrolls
 b - a scroll of butterflies
 g - a scroll of identify
 j - a scroll of immolation
 n - a scroll of vulnerability
 q - a scroll of teleportation
Potions
 e - a potion of attraction
 f - a potion of degeneration
 h - 2 potions of lignification {unknown}
 k - a potion of enlightenment {unknown}
 m - a potion of invisibility {unknown}


   Skills:
 - Level 5.0 Fighting
 + Level 7.9 Ranged Weapons
 - Level 2.4 Dodging
 - Level 1.3 Stealth


You had 5 spell levels left.
You didn't know any spells.
Your spell library contained the following spells:

 Spells                   Type           Power      Damage    Failure   Level
 Kiss of Death            Conj/Necr      0%         2d5       54%         1
 Shock                    Conj/Air       0%         1d3       54%         1
 Ensorcelled Hibernation  Hex/Ice        0%         N/A       69%         2
 Static Discharge         Conj/Air       0%         3-3/arc   69%         2
 Confusing Touch          Hex            0%         N/A       89%         3
 Ozocubu's Armour         Ice            0%         N/A       89%         3
 Stone Arrow              Conj/Erth      0%         3d7       89%         3
 Swiftness                Air            0%         N/A       89%         3
 Airstrike                Air            0%         2d(0-16)  100%        4
 Dispel Undead            Necr           0%         3d6       100%        4
 Summon Lightning Spire   Summ/Air       0%         N/A       100%        4
 Freezing Cloud           Conj/Ice/Air   0%         6-21      100%        5
 Metabolic Englaciation   Hex/Ice        0%         N/A       100%        5
 Lehudib's Crystal Spear  Conj/Erth      0%         10d2      100%        8


Dungeon Overview and Level Annotations

Branches:
Dungeon (4/15)
 Temple: D:4-7

Altars:
Okawaru
Sif Muna

Shops:
D:3 [

Annotations:
D:4 Dowan, Duvessa


Innate Abilities, Weirdness & Mutations

You are small and have problems with some larger weapons.
You are completely attuned to the shadows.


Message History

Press: ? - help, Shift-Dir - straight line, f/p - Duvessa
Aim: Duvessa, wielding a +0 rapier and wearing a +3 leather armour (lightly wounded, fast, 71% to hit)
You shoot an arrow. The arrow hits Duvessa.
Duvessa is moderately wounded.
Duvessa gestures with her weapon.
Dowan casts a spell.
Dowan blinks!
Duvessa barely misses you.
Unknown command.
You shoot an arrow. The arrow hits Duvessa.
Duvessa is moderately wounded.
Duvessa barely misses you.
Unknown command.
You shoot an arrow. The arrow hits Duvessa.
Duvessa is moderately wounded.
Duvessa barely misses you. Duvessa closely misses you.
Unknown command.
You shoot an arrow. The arrow hits Duvessa.
Duvessa is moderately wounded.
Duvessa hits you with a +0 rapier!
Unknown command.
You shoot an arrow.
The arrow hits Duvessa but does no damage.
Duvessa is moderately wounded.
Dowan points at you and mumbles some strange words.
The puff of flame hits you. You resist. Duvessa barely misses you.
Unknown command.
You shoot an arrow.
The arrow hits Duvessa but does no damage.
Duvessa is moderately wounded.
Duvessa hits you with a +0 rapier. Duvessa hits you with a +0 rapier!
* * * LOW HITPOINT WARNING * * *
Unknown command.
Dowan points at you and mumbles some strange words.
The puff of frost hits you.
* * * LOW HITPOINT WARNING * * *
Unknown command.
You feel yourself speed up. Duvessa barely misses you.
Dowan mumbles some strange words.
Dowan blinks!
Duvessa hits you with a +0 rapier!
You die...

.......# ........# #
........########
................
#.................
#.................
##.................
##...e..............
##.e@................
#.ยง#####.............
#.## ###.............
........#...............
........#...............
........#..............#
.....<..#.##.#.......#..
#.##.#.#####.#..
#.##.#.# #.###


You could see Duvessa (fast) and Dowan.

Vanquished Creatures
  A hound (D:4)
  A gnoll bouda (D:3)
  An orc wizard (D:3)
  An iguana (D:3)
  3 adders
  4 gnolls (D:3)
  3 dart slugs
  4 ribbon worms
  An orc (D:3)
  10 ball pythons
  6 bats
  12 endoplasms
  4 giant cockroaches
  6 goblins
  5 hobgoblins
  3 frilled lizards
  7 kobolds
  A rat (D:1)
73 creatures vanquished.

Notes
Turn   | Place    | Note
-------+----------+-------------------------------------------
     0 | D:1      | Newt the Kobold Hunter began the quest for the Orb.
     0 | D:1      | Reached XP level 1. HP: 12/12 MP: 1/1
   160 | D:1      | Reached XP level 2. HP: 18/18 MP: 2/2
   432 | D:1      | Reached XP level 3. HP: 23/23 MP: 3/3
   843 | D:2      | Reached XP level 4. HP: 30/30 MP: 4/4
  1061 | D:2      | Got the Enchiridion on the Blizzard
  1590 | D:3      | Reached skill level 5 in Fighting
  1599 | D:3      | Reached XP level 5. HP: 35/35 MP: 5/5
  1641 | D:3      | Found an iron altar of Okawaru.
  1891 | D:3      | Reached skill level 6 in Ranged Weapons
  2110 | D:3      | Got Paluwevo's Secrets of Absolutism
  2148 | D:3      | Found Comauggi's Armour Emporium.
  2368 | D:3      | Reached skill level 7 in Ranged Weapons
  2368 | D:3      | Reached XP level 6. HP: 31/40 MP: 6/6
  2490 | D:3      | Found a shimmering blue altar of Sif Muna.
  2946 | D:4      | Noticed Dowan
  2947 | D:4      | Noticed Duvessa
  2961 | D:4      | Slain by Duvessa

Illustrated notes

Levels and vault maps discovered:
D:1:      sevenhm_arrival_forest_fort_large_2, layout_basic
D:2:      layout_basic
D:3:      layout_basic, kennysheep_orc_sif_temple, okawaru_metal_pillars_3,
          serial_shops, shop, chequers_serial_rivers_small_3
D:4:      kennysheep_spiral_hall, layout_rooms, mainiacjoe_overflow_alcove_4,
          minmay_lizard_king, uniq_duvessa

Skill      XL: |  1  2  3  4  5 |
---------------+----------------+-----
Fighting       | 3 4 5 |  5.0
Ranged Weapons | 7 |  7.9
Dodging        | |  2.4
Stealth        | |  1.3

Action                     |  1- 3 |  4- 6 || total
---------------------------+-------+-------++-------
   Fire: Shortbow          |    82 |   167 ||   249
    Use: Scroll            |     3 |     4 ||     7
         Potion            |       |     7 ||     7
 Armour: Leather armour    |    12 |    56 ||    68
  Dodge: Dodged            |    28 |    55 ||    83

Table legend: (Time is in decaauts)
 A = Elapsed time spent in this place.
 B = Non-inter-level travel time spent in this place.
 C = Inter-level travel time spent in this place.
 D = Time resting spent in this place.
 E = Time spent auto-exploring this place.
 F = Levels seen in this place.
 G = Mean time per level.
                   A        B        C        D        E       F      G
               +--------+--------+--------+--------+--------+-----+--------+
         Total |   2996 |   2857 |    139 |     18 |   2366 |   4 |  749.0 |
       Dungeon |   2996 |   2857 |    139 |     18 |   2366 |   4 |  749.0 |
               +--------+--------+--------+--------+--------+-----+--------+

Top non-repeatable levels by time:
     D:3: 1253 daAuts
     D:1: 822 daAuts
     D:2: 769 daAuts
     D:4: 151 daAuts
